 Dungeon Crawl Stone Soup version 0.17-a0-2118-g63bad21 (webtiles) character file.

26276 glosham the Carver (level 12, -3/103 HPs)
             Began as a Yellow Draconian Chaos Knight on Oct 19, 2015.
             Was a High Priest of Okawaru.
             Slain by a frost giant
             ... wielding the +4 halberd of Vouwk {elec, rElec MR+++ SInv Stlth-}
              (24 damage)
             ... in an ice cave on Oct 20, 2015.
             The game lasted 05:46:19 (20095 turns).

glosham the Carver (Yellow Draconian Chaos Knight) Turns: 20095, Time: 05:46:19

Health: -3/103     AC: 13    Str: 19      XL:     12   Next: 96%
Magic:  18/24      EV: 23    Int: 12      God:    Okawaru [*****.]
Gold:   463        SH:  0    Dex: 20 (21) Spells: 4 memorised, 16 levels left

rFire  . . .     SeeInvis .     a - +4 great sword (freeze)
rCold  + + +     Clarity  .     (armour unavailable)
rNeg   + . .     SustAt   .     (no shield)
rPois  .         Gourm    .     (helmet restricted)
rElec  .         Spirit   .     Y - +0 cloak
rCorr  +         Warding  .     V - +2 pair of gloves {Dex+3}
rMut   .         Stasis   .     (no boots)
MR     +....                    (no amulet)
Stlth  ++++......               B - +1 ring of protection
                                A - ring of the Spinneret {rC++ rN+ MR+ Int-3 Dex+4}

@: mighty, short of breath, heroism, finesse, flying, repel missiles, somewhat
resistant to hostile enchantments, stealthy
A: spit acid, acid resistance, unfitting armour, big wings, blurry vision 2,
cold resistance 1, deterioration 1, high mp 2, sense surroundings 2, evolution
1, cold-blooded, AC +8
a: Spit Acid, Stop Flying, Heroism, Finesse, Renounce Religion


You were in an ice cave.
You worshipped Okawaru.
Okawaru was extremely pleased with you.
You were very hungry.

You visited 3 branches of the dungeon, and saw 14 of its levels.
You also visited: Sewer and Ice Cave.

You collected 1064 gold pieces.
You spent 601 gold pieces at shops.

Inventory:

Hand Weapons
 a - a +4 great sword of freezing (weapon)
 b - a +2 dagger of venom
 c - a +2 long sword of holy wrath
 d - a +2 whip of electrocution
 e - a +3 hand crossbow
 f - a +0 blowgun
 s - a +0 longbow
Missiles
 h - 6 silver javelins (quivered)
 j - 3 throwing nets
 m - 140 bolts
 t - 47 poisoned needles
 F - 4 needles of confusion
 H - 9 curare-tipped needles
Armour
 V - a +2 pair of gloves of dexterity (worn)
 Y - a +0 cloak (worn)
Jewellery
 u - an uncursed ring of see invisible
 A - the ring of the Spinneret (left hand) {rC++ rN+ MR+ Int-3 Dex+4}
   (You found it in an ice cave)

   [ring of protection from magic]

   It affects your intelligence (-3).
   It affects your dexterity (+4).
   It greatly protects you from cold.
   It protects you from negative energy.
   It affects your resistance to hostile enchantments.
 B - a +1 ring of protection (right hand)
 C - an uncursed ring of protection from cold
 N - an uncursed ring of positive energy
Wands
 g - a wand of digging (12)
 x - a wand of polymorph (13)
 O - a wand of confusion (25)
Scrolls
 p - 7 scrolls of teleportation
 w - a scroll of identify
 y - 6 scrolls of blinking
 D - a scroll of immolation
 E - 5 scrolls of remove curse
 Q - 3 scrolls of fog
Potions
 k - a potion of brilliance
 l - 3 potions of berserk rage {!q}
 o - 2 potions of ambrosia
 q - 3 potions of curing
 v - a potion of cancellation
 z - 3 potions of flight
Comestibles
 n - 13 bread rations


   Skills:
 + Level 8.3(13.3) Fighting
 * Level 13.6(18.6) Long Blades
 * Level 6.8(11.8) Dodging
 + Level 3.3(8.3) Stealth
 - Level 5.6(10.6) Unarmed Combat
 + Level 5.5 Spellcasting
 - Level 1.0 Charms
 + Level 6.6 Translocations
 - Level 1.2 Air Magic
 + Level 8.1 Invocations
 + Level 3.8 Evocations


You had 16 spell levels left.
You knew the following spells:

 Your Spells              Type           Power        Failure   Level  Hunger
a - Apportation           Tloc           ###.......   1%          1    None
b - Blink                 Tloc           N/A          1%          2    ##.....
d - Repel Missiles        Chrm/Air       #.....       17%         2    ##.....
A - Animate Skeleton      Necr           N/A          21%         1    None


Dungeon Overview and Level Annotations

Branches:
Dungeon (11/15)            Temple (1/1) D:6            Lair (2/8) D:11
    Orc (0/4) D:9

Altars:
Cheibriados
Elyvilon
Gozag
Nemelex Xobeh
Okawaru
Qazlal
Ru
Trog
Vehumet
Xom
Yredelemnul
Zin
Beogh

Shops:
D:4 (   D:8 :

Annotations:
D:10 rock vault 2 shapeshifters


Innate Abilities, Weirdness & Mutations

You can spit globs of acid.
You are resistant to acid.
Your golden yellow scales are hard (AC +8).
Your body does not fit into most forms of armour.
You are cold-blooded and may be slowed by cold attacks.
Your large and strong wings let you fly indefinitely.
Scrolls take you longer to read.
Your flesh is cold resistant.
Your body sometimes deteriorates upon taking damage.
You have a considerably increased reservoir of magic (+20% MP).
You passively map the area around you.
You evolve.


Message History

You have got your breath back.
Use which ability?
You can now deal lightning-fast blows.
You feel somewhat more hungry.
The frost giant gestures at you while chanting.
The bolt of cold hits you! You resist.
The frost giant hits you but does no damage.
Use which ability?
Press: ? - help, Shift-Dir - straight line, f/p - frost giant
Aim: a frost giant, wielding a pitted halberd {elec} You fail to use your ability.
Use which ability?
Press: ? - help, Shift-Dir - straight line, f/p - frost giant
Aim: a frost giant, wielding a pitted halberd {elec} You spit a glob of acid.
The acid hits the frost giant.
The acid corrodes the frost giant!
The frost giant is lightly wounded.
You are feeling very hungry.
The frost giant hits you with a pitted halberd {elec}!!
You are electrocuted!
You hit the frost giant. You tail-slap the frost giant.
The frost giant is lightly wounded.
You slash the frost giant!
The frost giant is moderately wounded.
The frost giant hits you with a pitted halberd {elec}!
Your body deteriorates!
You feel clumsy.
Drink which item? (? for menu, Esc to quit)
Really quaff
l - 3 potions of berserk rage {!q}?
You're too hungry to go berserk.
Drink which item? (? for menu, Esc to quit)
You feel very mighty all of a sudden.
Drink which item? (? for menu, Esc to quit)
You feel much better.
The frost giant hits you with a pitted halberd {elec}!!
* * * LOW HITPOINT WARNING * * *
You slice the frost giant!!
The frost giant is heavily wounded.
The frost giant hits you with a pitted halberd {elec}!!
You die...
Xom howls with laughter!

#§§....## ##......######≈.#....#
.§.###..####.....##..##≈≈##.#....
.⌠§§###...#....######≈≈≈#####.###
.§.## ###....### ≈≈#≈≈≈## ###≈≈
##..# #######..##≈≈≈≈≈≈≈# ####
#..####..####)#.##≈≈≈≈≈≈≈# ###.÷.
###..#.##..####≈≈≈≈≈≈≈≈≈≈###..##.
###.#####..####≈≈≈≈≈≈≈≈#..###..
### ###...@#≈≈≈≈≈≈##...##..
####C###≈≈≈##..######
#..##≈≈≈####.###≈ **..## * ≈≈≈
##..# **,..## ≈≈≈ #...### *, ..#
*≈ ≈ ≈≈###...# *, .C# * ###.. * ,
... ≈ * ### * ..Y * , * ≈ #


You could see a frost giant.

Vanquished Creatures
  2 hydras (Lair:1)
  Nergalle (Lair:2)
  2 unseen horrors (D:11)
  An ice statue (IceCv)
  3 ugly things (D:11)
  2 manticores (D:11)
  A cyclops (D:11)
  Maurice (D:11)
  A guardian serpent (D:9)
  Joseph (D:8)
  3 centaur zombies
  2 spiny frogs (Lair:1)
  A merfolk (shapeshifter) (D:10)
  11 polar bears (IceCv)
  2 two-headed ogres
  3 trolls (D:11)
  30 yaks
  A vampire (D:11)
  A tarantella (shapeshifter) (D:10)
  4 deep elf magi
  4 hippogriffs
  A water moccasin (Lair:1)
  5 porcupines
  8 orc warriors
  21 wolves
  3 ice beasts
  A black bear (D:9)
  2 sky beasts
  A phantom (D:4)
  6 ogres
  A crocodile (Lair:1)
  8 centaurs
  2 big kobolds
  9 giant frogs
  3 scorpions
  8 wights
  4 killer bees
  5 crimson imps
  An electric eel (Lair:1)
  2 giant frog zombies (D:10)
  4 jellies
  A wasp zombie (D:11)
  3 iguanas
  A quasit (D:11)
  8 orc priests
  3 centaur skeletons
  3 giant frog skeletons
  3 hounds
  7 orc wizards
  3 hell rats (D:11)
  10 worker ants
  A statue (D:6)
  8 sheep
  A hound zombie (D:7)
  2 worker ant zombies
  4 gnolls (D:7)
  14 adders
  A shadow imp (D:10)
  4 oozes (Sewer)
  2 adder skeletons
  16 worms
  9 giant geckos
  59 orcs
  15 bats
  14 giant cockroaches
  2 gnoll zombies (D:3)
  11 goblins
  3 hobgoblins
  8 jackals
  10 kobolds
  3 ball pythons
  2 giant newts
  2 jackal skeletons (D:7)
  9 quokkas
  17 rats
431 creatures vanquished.

Vanquished Creatures (others)
  2 polar bears (IceCv)
  A wolf (IceCv)
  An orc wizard (D:10)
4 creatures vanquished.

Grand Total: 435 creatures vanquished

Notes
Turn   | Place    | Note
--------------------------------------------------------------
     0 | D:1      | glosham the Draconian Chaos Knight began the quest for the Orb.
     0 | D:1      | Reached XP level 1. HP: 19/19 MP: 1/1
     0 | D:1      | Fell from the grace of Xom
   322 | D:1      | Reached XP level 2. HP: 23/26 MP: 2/2
   469 | D:1      | XOM: mild Pois miscast
   787 | D:1      | Reached skill level 4 in Unarmed Combat
  1228 | D:2      | Reached XP level 3. HP: 31/31 MP: 3/3
  1689 | D:2      | Found an iron altar of Okawaru.
  1931 | D:2      | XOM: summons 5 hostile demons
  2301 | D:2      | Found an opulent altar of Gozag.
  2483 | D:3      | Reached XP level 4. HP: 24/38 MP: 4/4
  2487 | D:3      | Reached skill level 5 in Unarmed Combat
  2773 | D:3      | XOM: snakes to sticks
  2811 | D:3      | XOM: 4-stop teleportation journey
  3309 | D:3      | XOM: noise
  3399 | D:3      | Found a basalt altar of Yredelemnul.
  3840 | D:4      | Found Odaitz's Weapon Boutique.
  3938 | D:4      | Reached XP level 5. HP: 31/45 MP: 5/5
  4215 | D:4      | XOM: give mutation
  4215 | D:4      | Gained mutation: You are agile. (Dex +2) [Xom's mischief]
  4512 | D:4      | Reached skill level 4 in Fighting
  4744 | D:4      | XOM: give mutations
  4744 | D:4      | Gained mutation: You are dopey. (Int -2) [Xom's mischief]
  4744 | D:4      | Gained mutation: You are frail (-10% HP). [Xom's mischief]
  4797 | D:4      | Reached skill level 5 in Fighting
  4880 | D:4      | Noticed a phantom
  4929 | D:4      | Bought a +2 long sword of holy wrath for 201 gold pieces
  5039 | D:2      | Became a worshipper of Warmaster Okawaru
  5158 | D:4      | Reached skill level 1 in Long Blades
  5158 | D:4      | Reached XP level 6. HP: 38/50 MP: 6/6
  5377 | D:4      | Reached skill level 2 in Long Blades
  5452 | D:4      | Killed a phantom
  5452 | D:4      | Reached skill level 3 in Long Blades
  5521 | D:4      | Noticed an ogre
  5525 | D:4      | XOM: confusion
  5531 | D:4      | HP: 3/75 [ogre/giant club (7)]
  5536 | D:4      | Killed an ogre
  5536 | D:4      | Reached * piety under Okawaru
  5536 | D:4      | Reached skill level 4 in Long Blades
  5759 | D:4      | XOM: mild Divn miscast
  5770 | D:5      | Entered Level 5 of the Dungeon
  5776 | D:5      | Your scales start taking on a golden yellow colour.
  5776 | D:5      | Reached XP level 7. HP: 54/54 MP: 7/7
  5953 | D:5      | XOM: give mutation
  5953 | D:5      | Gained mutation: Scrolls take you a little longer to read. [Xom's mischief]
  5960 | D:5      | Reached skill level 5 in Long Blades
  6082 | D:5      | XOM: summons 4 hostile demons
  6196 | D:5      | Found a glowing drain.
  6245 | Sewer    | Entered a sewer
  6262 | Sewer    | Reached skill level 6 in Long Blades
  6536 | Sewer    | XOM: mild Summ miscast
  6691 | Sewer    | XOM: stat loss: -2 Str (12/14)
  6956 | D:5      | Found a stormy altar of Qazlal.
  7311 | D:6      | Reached skill level 7 in Long Blades
  7311 | D:6      | Reached XP level 8. HP: 23/61 MP: 8/8
  7657 | D:6      | Found a radiant altar of Vehumet.
  7844 | D:6      | XOM: medium Pois miscast
  7951 | D:6      | Found a staircase to the Ecumenical Temple.
  7969 | Temple   | Entered the Ecumenical Temple
  8009 | D:6      | Reached skill level 8 in Long Blades
  8118 | D:6      | Found a sparkling altar of Nemelex Xobeh.
  8135 | D:6      | Found a glowing silver altar of Zin.
  8396 | D:6      | XOM: summons 3 hostile demons
  8435 | D:6      | XOM: medium Necr miscast
  8630 | D:7      | Reached ** piety under Okawaru
  8630 | D:7      | Reached skill level 9 in Long Blades
  8716 | D:7      | Found a snail-covered altar of Cheibriados.
  8780 | D:7      | Gained mutation: You evolve. [mutagenic meat]
  8782 | D:7      | Gained mutation: You tend to lose your temper in combat. [mutagenic meat]
  9051 | D:7      | Reached skill level 10 in Long Blades
  9051 | D:7      | Reached XP level 9. HP: 57/66 MP: 9/9
  9195 | D:7      | Noticed a centaur zombie
  9206 | D:7      | Killed a centaur zombie
  9221 | D:7      | Gained mutation: You have an increased reservoir of magic (+10% MP). [evolution]
  9466 | D:7      | XOM: medium Tloc miscast
  9583 | D:7      | Noticed a moth of wrath
  9586 | D:7      | Found a bloodstained altar of Trog.
  9717 | D:7      | Reached *** piety under Okawaru
  9906 | D:8      | XOM: mild Trmt miscast
  9959 | D:8      | XOM: 3-stop teleportation journey
 10056 | D:8      | Reached skill level 11 in Long Blades
 10061 | D:8      | Found Axaluwk's Book Shop.
 10112 | D:8      | Found a white marble altar of Elyvilon.
 10210 | D:8      | Noticed Joseph
 10245 | D:8      | HP: 5/99 [Joseph/uncursed quarterstaff (10)]
 10248 | D:8      | Killed Joseph
 10248 | D:8      | Reached skill level 3 in Dodging
 10399 | D:7      | XOM: cast spell 'Statue Form'
 10452 | D:7      | XOM: medium Tloc miscast
 10961 | D:8      | Reached skill level 6 in Fighting
 11074 | D:8      | Bought a book of Minor Magic for 200 gold pieces
 11077 | D:8      | Learned a level 2 spell: Blink
 11080 | D:8      | Learned a level 2 spell: Repel Missiles
 11297 | D:9      | Reached skill level 1 in Spellcasting
 11441 | D:9      | Reached skill level 1 in Translocations
 11517 | D:9      | XOM: mild Trmt miscast
 11666 | D:9      | Lost mutation: You are dopey. (Int -2) [evolution]
 11679 | D:9      | XOM: noise
 11679 | D:9      | Was forgiven by Xom
 11788 | D:9      | Reached XP level 10. HP: 74/74 MP: 11/13
 11812 | D:9      | Reached skill level 2 in Translocations
 11830 | D:9      | Found a roughly hewn altar of Beogh.
 11830 | D:9      | Found a staircase to the Orcish Mines.
 11894 | D:9      | Reached **** piety under Okawaru
 11917 | D:9      | Reached skill level 2 in Spellcasting
 11973 | D:9      | Found a sacrificial altar of Ru.
 12183 | D:9      | Noticed a guardian serpent
 12197 | D:9      | Killed a guardian serpent
 12201 | D:9      | Gained mutation: Scrolls take you longer to read. [mutagenic meat]
 12202 | D:9      | Gained mutation: Your body sometimes deteriorates upon taking damage. [mutagenic meat]
 12203 | D:9      | Gained mutation: Scrolls take you much longer to read. [mutagenic meat]
 12205 | D:9      | Gained mutation: Your large and strong wings let you fly indefinitely. [potion of mutation]
 12205 | D:9      | Lost mutation: You are frail (-10% HP). [potion of mutation]
 12205 | D:9      | Lost mutation: You are agile. (Dex +2) [potion of mutation]
 12274 | D:9      | Reached skill level 12 in Long Blades
 12431 | D:9      | Lost mutation: You tend to lose your temper in combat. [evolution]
 12648 | D:9      | Reached skill level 3 in Translocations
 12658 | D:9      | Reached skill level 3 in Spellcasting
 12742 | D:10     | Entered Level 10 of the Dungeon
 12894 | D:10     | Reached skill level 4 in Translocations
 13090 | D:10     | Found a shimmering altar of Xom.
 13091 | D:10     | Found a shimmering altar of Xom.
 13092 | D:10     | Found a shimmering altar of Xom.
 13092 | D:10     | Found a shimmering altar of Xom.
 13092 | D:10     | Found a shimmering altar of Xom.
 13093 | D:10     | Found a shimmering altar of Xom.
 13093 | D:10     | Found a shimmering altar of Xom.
 13094 | D:10     | Found a shimmering altar of Xom.
 13425 | D:10     | Reached skill level 1 in Charms
 13467 | D:10     | Reached skill level 1 in Air Magic
 13620 | D:10     | Noticed a manticore
 13645 | D:10     | Noticed a swamp dragon
 13673 | D:10     | Noticed an orb spider
 13676 | D:10     | an orb spider changed into a human
 14208 | D:9      | Identified the Handbook of Floating Transformation
 14284 | D:8      | Bought a book of Cantrips for 200 gold pieces
 14286 | D:8      | Learned a level 1 spell: Apportation
 14288 | D:8      | Learned a level 1 spell: Animate Skeleton
 14358 | D:11     | Reached ***** piety under Okawaru
 14451 | D:11     | Noticed an unseen horror
 14462 | D:11     | Killed an unseen horror
 14462 | D:11     | Reached skill level 2 in Invocations
 14572 | D:11     | Noticed an unseen horror
 14585 | D:11     | Killed an unseen horror
 14585 | D:11     | Reached skill level 4 in Invocations
 14585 | D:11     | Reached XP level 11. HP: 71/91 MP: 18/18
 14714 | D:10     | Found a snail-covered altar of Cheibriados.
 14840 | D:11     | Upgraded the game from 0.17-a0-2109-g117576f to 0.17-a0-2118-g63bad21
 14920 | D:11     | Reached skill level 5 in Invocations
 15216 | D:11     | Found a bloodstained altar of Trog.
 15328 | D:11     | Reached skill level 6 in Invocations
 15410 | D:11     | Reached skill level 4 in Dodging
 15410 | D:11     | Reached skill level 4 in Spellcasting
 15465 | D:11     | Noticed Maurice
 15494 | D:11     | Found a staircase to the Lair.
 15811 | D:11     | HP: 4/91 [manticore (17)]
 16202 | D:11     | Received a gift from Okawaru
 16202 | D:11     | Reached skill level 5 in Translocations
 16370 | D:11     | Killed Maurice
 16370 | D:11     | Reached skill level 7 in Fighting
 16626 | D:11     | Noticed a red ugly thing
 16644 | D:11     | Killed a red ugly thing
 16650 | D:11     | Noticed a purple ugly thing
 16650 | D:11     | Noticed a white ugly thing
 16656 | D:11     | Killed a purple ugly thing
 16656 | D:11     | Reached skill level 1 in Stealth
 16656 | D:11     | Reached skill level 7 in Invocations
 16656 | D:11     | Reached skill level 1 in Evocations
 16661 | D:11     | Killed a white ugly thing
 16661 | D:11     | Reached skill level 5 in Dodging
 16665 | D:11     | Reached skill level 13 in Long Blades
 16683 | D:11     | Lost mutation: Scrolls take you much longer to read. [evolution]
 16690 | D:11     | Gained mutation: You passively map a small area around you. [mutagenic meat]
 16729 | D:11     | Noticed a cyclops
 16744 | D:11     | Killed a cyclops
 16881 | Lair:1   | Entered Level 1 of the Lair of Beasts
 17078 | Lair:1   | Noticed a four-headed hydra
 17112 | Lair:1   | Killed a four-headed hydra
 17123 | Lair:1   | Reached XP level 12. HP: 93/100 MP: 17/20
 17138 | Lair:1   | Reached skill level 2 in Evocations
 17671 | Lair:1   | Noticed a four-headed hydra
 17974 | Lair:1   | Killed a four-headed hydra
 17974 | Lair:1   | Reached skill level 2 in Stealth
 18162 | D:11     | Noticed a manticore
 18169 | D:11     | Killed a manticore
 18169 | D:11     | Reached skill level 6 in Translocations
 18279 | D:10     | Noticed a great orb of eyes
 18279 | D:10     | a boulder beetle changed into a great orb of eyes
 18283 | D:10     | Noticed a minotaur
 18283 | D:10     | a great orb of eyes changed into a minotaur
 18332 | D:10     | Noticed an anaconda
 18398 | D:10     | an anaconda changed into a shining eye
 18496 | D:10     | Noticed a ghost crab
 18496 | D:10     | a redback changed into a ghost crab
 18552 | D:10     | a ghost crab changed into a merfolk
 18577 | D:10     | Gained mutation: You passively map the area around you. [mutagenic meat]
 18578 | D:10     | Gained mutation: You rapidly evolve. [mutagenic meat]
 18579 | D:10     | Gained mutation: You have a considerably increased reservoir of magic (+20% MP). [mutagenic meat]
 18595 | D:11     | Gained mutation: Your flesh is cold resistant. [evolution]
 18595 | D:11     | Lost mutation: You rapidly evolve. [end of evolution]
 18631 | Lair:2   | Found a frozen archway.
 18636 | Lair:2   | Noticed Nergalle
 18651 | Lair:2   | Killed Nergalle
 18729 | IceCv    | Entered an ice cave
 18895 | IceCv    | Reached skill level 6 in Dodging
 18895 | IceCv    | Reached skill level 5 in Spellcasting
 18895 | IceCv    | Reached skill level 3 in Evocations
 18900 | IceCv    | Got a smoking steel ring
 18906 | IceCv    | Identified the ring of the Spinneret {rC++ rN+ MR+ Int-3 Dex+4} (You found it in an ice cave)
 19171 | IceCv    | Reached skill level 8 in Fighting
 19194 | IceCv    | Received a gift from Okawaru
 19360 | IceCv    | Reached skill level 3 in Stealth
 19565 | IceCv    | Received a gift from Okawaru
 19665 | IceCv    | Reached skill level 8 in Invocations
 19867 | IceCv    | Noticed a frost giant
 20095 | IceCv    | Identified the +4 halberd of Vouwk {elec, rElec MR+++ SInv Stlth-}
 20095 | IceCv    | Slain by a frost giant

Vault maps used:
D:1:      saegor_arrival_simple_d
D:2:      nicolae_gozag_cash_rules_everything_around_me,
          okawaru_ov_weapons_minmay, serial_forest, infiniplex_forest_3_way,
          infiniplex_forest_clump_small, infiniplex_forest_lined_2,
          infiniplex_forest_end_1, infiniplex_forest_clump_curved,
          infiniplex_forest_lined_room_, infiniplex_forest_join,
          infiniplex_forest_corner_2, first_bread
D:3:      lemuel_zombie_altar_yredelemnul, kennysheep_generic_room_8
D:4:      serial_shops, shop, minmay_misc_feat_five, minmay_liquid_box
D:5:      old_standard_altar, gup_sewer_entry_spiral
D:6:      kennysheep_little_box, zin_academy, vehumet_statue,
          minmay_temple_entry_statues_fountains
D:7:      cheibriados_altar_1, tgw_trog, grunt_ogre_cave
D:8:      elyvilon_altar_4, serial_shops, shop, uniq_joseph
D:9:      lemuel_round_altar, david_orc_5, serial_column_ruins,
          column_ruins_open_tiny, column_ruins_grid_1,
          column_ruins_open_small_water, column_ruins_columns_corner,
          column_ruins_corridor_corner, nrook_guardian_serpent_double
D:10:     lemuel_upstairs_altar, xom_shifter_show
D:11:     dpeg_lair_monsters, basic_altar, minmay_joined_circles, uniq_maurice
Temple:   minmay_temple_bridge_c_8
Lair:1:   beast_lair_carwin_9, infiniplex_staircase_pool, lemuel_fruit_tree
Lair:2:   portal_ice_cave_entry_pillars_02, pond, uniq_urug, uniq_nergalle
Sewer:    sewer_fruit_machine
IceCv:    ice_cave_caverns_02

Action                   |  1- 3 |  4- 6 |  7- 9 | 10-12 || total
-------------------------+-------+-------+-------+-------++-------
Melee: Unarmed           |   163 |   153 |       |       ||   316
       Long sword        |       |    48 |   338 |   237 ||   623
       Dagger            |       |       |    91 |    37 ||   128
       Great sword       |       |       |       |   324 ||   324
 Fire: Hand crossbow     |       |    11 |    46 |    36 ||    93
       Hunting sling     |       |       |     7 |       ||     7
       Blowgun           |       |       |       |    35 ||    35
Throw: Throwing net      |       |     2 |     1 |     3 ||     6
       Javelin           |       |     1 |       |     1 ||     2
 Cast: Repel Missiles    |       |       |     1 |     9 ||    10
       Apportation       |       |       |       |    39 ||    39
       Blink             |       |       |       |     2 ||     2
Invok: Renounce Religion |     1 |       |       |       ||     1
       Heroism           |       |       |     3 |    13 ||    16
       Finesse           |       |       |       |     2 ||     2
 Abil: Spit Acid         |       |       |    74 |   156 ||   230
       Fly               |       |       |       |     1 ||     1
Evoke: Wand              |       |       |       |    11 ||    11
  Use: Scroll            |     6 |     6 |     5 |    11 ||    28
       Potion            |       |     3 |     2 |    16 ||    21
 Stab: Sleeping          |       |     2 |     2 |     7 ||    11
       Invisible         |       |       |       |     2 ||     2
       Confused          |       |       |       |     2 ||     2
  Eat: Chunk             |     5 |    10 |    32 |    47 ||    94
       Fruit             |       |       |     7 |     9 ||    16
       Royal jelly       |       |       |       |     2 ||     2
       Beef jerky        |       |       |       |     2 ||     2
       Meat ration       |       |       |       |     1 ||     1

Table legend:
 A = Turns spent in this place as a percentage of turns spent in the entire game.
 B = Non-inter-level travel turns spent in this place as a percentage of non-inter-level travel turns spent in the entire game.
 C = Inter-level travel turns spent in this place as a percentage of turns spent in this place.
 D = Turns resting spent in this place as a percentage of non-inter-level travel turns spent in this place.
 E = Turns spent auto-exploring this place as a percentage of non-inter-level travel turns spent in this place.
 F = Non-inter-level travel turns spent in this place divided by the number of levels of this place that you've seen.
                   A       B       C       D       E      F
               +-------+-------+-------+-------+-------+----------------------
         Total | 100.0 | 100.0 |   0.6 |   2.8 |   0.2 | 671.7
       Dungeon |  82.4 |  82.3 |   0.6 |   2.8 |   0.3 | 804.3
        Temple |   0.0 |   0.0 |   0.0 |   0.0 |   0.0 |   2.0
          Lair |   7.6 |   7.6 |   0.7 |   0.2 |   0.1 | 408.5
         Sewer |   3.5 |   3.5 |   0.0 |   1.1 |   0.0 | 380.0
      Ice Cave |   6.5 |   6.5 |   0.0 |   6.0 |   0.0 | 701.0
               +-------+-------+-------+-------+-------+----------------------

Table legend:
 A = Kills in this place as a percentage of kills in entire the game.
 B = Kills by you in this place as a percentage of kills by you in the entire game.
 C = Kills by friends in this place as a percentage of kills by friends in the entire game.
 D = Other kills in this place as a percentage of other kills in the entire game.
 E = Experience gained in this place as a percentage of experience gained in the entire game.
 F = Experience gained in this place divided by the number of levels of this place that you have seen.
                   A       B       C       D       E      F
               +-------+-------+-------+-------+-------+----------------------
         Total | 100.0 | 100.0 |  -nan | 100.0 | 100.0 | 2346.1
       Dungeon |  77.8 |  78.0 |  -nan |  50.0 |  58.1 | 1984.4
          Lair |   5.3 |   5.3 |  -nan |   0.0 |  14.6 | 2736.0
         Sewer |   5.8 |   5.8 |  -nan |   0.0 |   0.2 |  85.0
      Ice Cave |  11.1 |  10.9 |  -nan |  50.0 |  27.0 | 10153.0
               +-------+-------+-------+-------+-------+----------------------

Vault maps used:
D:1:      saegor_arrival_simple_d
D:2:      nicolae_gozag_cash_rules_everything_around_me,
          okawaru_ov_weapons_minmay, serial_forest, infiniplex_forest_3_way,
          infiniplex_forest_clump_small, infiniplex_forest_lined_2,
          infiniplex_forest_end_1, infiniplex_forest_clump_curved,
          infiniplex_forest_lined_room_, infiniplex_forest_join,
          infiniplex_forest_corner_2, first_bread
D:3:      lemuel_zombie_altar_yredelemnul, kennysheep_generic_room_8
D:4:      serial_shops, shop, minmay_misc_feat_five, minmay_liquid_box
D:5:      old_standard_altar, gup_sewer_entry_spiral
D:6:      kennysheep_little_box, zin_academy, vehumet_statue,
          minmay_temple_entry_statues_fountains
D:7:      cheibriados_altar_1, tgw_trog, grunt_ogre_cave
D:8:      elyvilon_altar_4, serial_shops, shop, uniq_joseph
D:9:      lemuel_round_altar, david_orc_5, serial_column_ruins,
          column_ruins_open_tiny, column_ruins_grid_1,
          column_ruins_open_small_water, column_ruins_columns_corner,
          column_ruins_corridor_corner, nrook_guardian_serpent_double
D:10:     lemuel_upstairs_altar, xom_shifter_show
D:11:     dpeg_lair_monsters, basic_altar, minmay_joined_circles, uniq_maurice
Temple:   minmay_temple_bridge_c_8
Lair:1:   beast_lair_carwin_9, infiniplex_staircase_pool, lemuel_fruit_tree
Lair:2:   portal_ice_cave_entry_pillars_02, pond, uniq_urug, uniq_nergalle
Sewer:    sewer_fruit_machine
IceCv:    ice_cave_caverns_02
